 Dungeon Crawl Stone Soup version 0.21-a0-241-g2cbab09 (webtiles) character file.

17703 KristoblXynda the Grappler (level 12, 0/104 HPs)
             Began as a Troll Monk on Sept 3, 2017.
             Was the Champion of Cheibriados.
             Slain by a very large slime creature (63 damage)
             ... on level 12 of the Dungeon.
             The game lasted 00:39:28 (11507 turns).

KristoblXynda the Grappler (Troll Monk)            Turns: 11507, Time: 00:39:29

Health: 0/104      AC:  9    Str: 37    XL:     12   Next: 21%
Magic:  17/17      EV: 17    Int: 34    God:    Cheibriados [******]
Gold:   404        SH:  2    Dex: 27    Spells: 8/11 levels left

rFire    . . .     SeeInvis .     - Unarmed
rCold    . . .     Gourm    +   (no shield)
rNeg     . . .     Faith    .   C - +2 robe of the Vestibule of Hell {Int+5}
rPois    .         Spirit   .   (helmet restricted)
rElec    .         Reflect  +   l - +0 cloak
rCorr    .         Harm     .   (gloves unavailable)
MR       .....                  (boots unavailable)
Stlth    ++++......             q - +2 amulet of reflection
HPRegen  0.67/turn              A - +3 ring of evasion
MPRegen  0.15/turn              c - ring "Nausi" {AC+1 Int+4}

@: very slow
A: unfitting armour, claws 3, fast metabolism 3, gourmand, regeneration 1,
shaggy fur 1, tough skin 2
a: Bend Time, Temporal Distortion, Slouch, Step From Time, Renounce Religion


You were on level 12 of the Dungeon.
You worshipped Cheibriados.
Cheibriados was exalted by your worship.
You were very full.

You visited 2 branches of the dungeon, and saw 13 of its levels.

You collected 515 gold pieces.
You spent 111 gold pieces at shops.

Inventory:

Hand Weapons
 f - the +5 war axe of the Swamp {protect, Dex+5}
   (You found it on level 4 of the Dungeon)

   It protects the one who uses it against injury (+AC on strike).
   It affects your dexterity (+5).
 x - a +1 morningstar of protection
Missiles
 B - 10 large rocks (quivered)
Armour
 l - a +0 cloak (worn)
 C - the +2 robe of the Vestibule of Hell (worn) {Int+5}
   (You found it on level 12 of the Dungeon)

   It affects your intelligence (+5).
 D - a +2 large shield
Jewellery
 c - the ring "Nausi" (right claw) {AC+1 Int+4}
   (You found it on level 12 of the Dungeon)

   [ring of protection]

   It affects your AC (+1).
   It affects your intelligence (+4).
 h - an uncursed ring of resist corrosion
 q - a +2 amulet of reflection (around neck)
 y - a +4 ring of strength
 A - a +3 ring of evasion (left claw)
Wands
 t - a wand of scattershot (0/9)
 E - a wand of clouds (2/9)
Scrolls
 a - 2 scrolls of teleportation
 i - 3 scrolls of remove curse
 o - a scroll of fog
 u - 3 scrolls of recharging
 F - a scroll of immolation
Potions
 d - 2 potions of invisibility
 e - 3 potions of curing
 j - a potion of heal wounds {unknown}
 k - 2 potions of resistance
 n - 2 potions of flight
 p - a potion of brilliance
 r - 2 potions of agility
 z - a potion of berserk rage {unknown}
Books
 w - a book of Geomancy

   Spells                             Type                      Level
   a - Sandblast                      Earth                        1
   b - Passwall                       Transmutation/Earth          2
   c - Stone Arrow                    Conjuration/Earth            3
   d - Petrify                        Transmutation/Earth          4
   e - Lee's Rapid Deconstruction     Earth                        5
 G - a book of Burglary

   Spells                             Type                      Level
   a - Swiftness                      Charms/Air                   2
   b - Passwall                       Transmutation/Earth          2
   c - Passage of Golubria            Translocation                4
   d - Lee's Rapid Deconstruction     Earth                        5
   e - Darkness                       Hexes                        6
   f - Invisibility                   Hexes                        6
Comestibles
 b - 10 bread rations
 g - 7 fruits
 m - 5 meat rations
 s - 11 royal jellies


   Skills:
 - Level 2.4 Fighting
 + Level 2.5 Throwing
 + Level 4.9 Armour
 - Level 5.1 Dodging
 - Level 5.3 Stealth
 - Level 12.0 Unarmed Combat
 + Level 1.8 Earth Magic
 - Level 8.0 Invocations
 - Level 5.1 Evocations


You had 8 spell levels left.
You knew the following spells:

 Your Spells              Type           Power        Failure   Level  Hunger
a - Stone Arrow           Conj/Erth      #.....       16%         3    ####...


Dungeon Overview and Level Annotations

Branches:
Dungeon (12/15)            Temple (1/1) D:5            Lair (0/6) D:9
    Orc: D:9-12

Altars:
Ashenzari
Cheibriados
Dithmenos
Elyvilon
Fedhas
Gozag
Hepliaklqana
Kikubaaqudgha
Makhleb
Nemelex Xobeh
Okawaru
Qazlal
Ru
Sif Muna
Trog
Uskayaw
Vehumet
Wu Jian
Xom
Yredelemnul
Zin
The Shining One

Shops:
D:6 =   D:8 *


Innate Abilities, Weirdness & Mutations

You are too large for most types of armour.
You have claws for hands.
Your metabolism is lightning-fast.
You like to eat raw meat.
Your natural rate of healing is unusually fast.
You are covered in fur. (AC +1)
You have very tough skin. (AC +2)


Message History

The slime creature quivers.
You mangle the slime creature!!
The slime creature is moderately wounded.
Two slime creatures merge to form a large slime creature.
You scratch the large slime creature.
The large slime creature is lightly wounded.
The slime creature hits you!
You claw the slime creature!
The slime creature is heavily wounded.
The slime creature barely misses you.
Two slime creatures merge to form a very large slime creature.
You claw the slime creature!
The slime creature is severely wounded.
The slime creature hits you!
You mangle the slime creature!!
You kill the slime creature!
Cheibriados appreciates the change of pace.
The very large slime creature hits you!!!
Ouch! That really hurt!
You die...

#....(................
#.#########..........: #.#
#....)...... #.#
#........... #(#
#..(...?....
#.#########(..........
#......J..ยง...........
#..########J.########. #..#
#@.# #..# #..# #.. #..# #..#
#..# #..# #..# #..#
#..########..# #..#
#............###########..##
#............[..............
#.##########................
#.# #............>...


You could see a very large slime creature.

Vanquished Creatures
  The ghost of Shiggs the Fighter, a journeyman NaFi of Okawaru (D:12)
  4 two-headed ogres
  2 cyclopes (D:12)
  A centaur skeleton (D:12)
  A kobold demonologist (D:12)
  A gargoyle (D:10)
  A komodo dragon (D:12)
  2 trolls
  A queen bee (D:9)
  Prince Ribbit (D:8)
  3 slime creatures (D:12)
  2 hippogriffs
  14 yaks
  3 wyverns
  2 hungry ghosts (D:7)
  2 steam dragons (D:5)
  Duvessa (D:6)
  An ice beast (D:5)
  11 orc warriors
  3 black bears
  A phantom (D:9)
  2 necrophages (D:9)
  6 ogres
  2 sky beasts
  4 centaurs
  2 big kobolds
  5 bullfrogs
  Blork the orc (D:6)
  Dowan (D:6)
  A wyvern skeleton (D:6)
  2 scorpions
  30 killer bees
  3 wights (D:7)
  9 howler monkeys
  3 crimson imps
  A quasit (D:11)
  2 bullfrog skeletons
  A bullfrog zombie (D:10)
  7 hounds
  3 jellies
  16 orc priests
  4 iguanas
  26 orc wizards
  11 worker ants
  3 hound skeletons
  4 gnolls (D:2)
  12 adders
  2 shadow imps
  An ooze (D:4)
  2 worms (D:2)
  4 leopard geckos
  70 orcs
  5 ball pythons
  4 bats
  5 giant cockroaches
  7 goblins
  6 hobgoblins
  19 jackals
  6 quokkas
  7 frilled lizards
  A giant cockroach zombie (D:6)
  17 kobolds
  A leopard gecko skeleton (D:3)
  2 quokka skeletons
  2 quokka zombies
  4 rats
384 creatures vanquished.

Vanquished Creatures (others)
  2 fungi (D:5)
2 creatures vanquished.

Grand Total: 386 creatures vanquished

Notes
Turn   | Place    | Note
-------+----------+-------------------------------------------
     0 | D:1      | KristoblXynda the Troll Monk began the quest for the Orb.
     0 | D:1      | Reached XP level 1. HP: 22/22 MP: 0/0
   101 | D:1      | Reached XP level 2. HP: 29/29 MP: 1/1
   309 | D:1      | Found a sparkling altar of Nemelex Xobeh.
   890 | D:2      | Reached XP level 3. HP: 36/36 MP: 2/2
   962 | D:2      | Reached skill level 4 in Unarmed Combat
   965 | D:2      | Reached XP level 4. HP: 19/44 MP: 3/3
  1799 | D:3      | Found a blossoming altar of Fedhas.
  1999 | D:3      | Reached XP level 5. HP: 16/50 MP: 4/4
  2324 | D:3      | Found a sparkling altar of Nemelex Xobeh.
  2368 | D:4      | Found a shadowy altar of Dithmenos.
  2398 | D:4      | Got a transparent war axe
  2399 | D:4      | Identified the +5 war axe of the Swamp {protect, Dex+5} (You found it on level 4 of the Dungeon)
  2445 | D:4      | Reached skill level 5 in Unarmed Combat
  2534 | D:4      | Reached XP level 6. HP: 59/59 MP: 5/5
  3014 | D:5      | Entered Level 5 of the Dungeon
  3139 | D:5      | Reached skill level 6 in Unarmed Combat
  3193 | D:5      | Found a staircase to the Ecumenical Temple.
  3200 | Temple   | Entered the Ecumenical Temple
  3340 | Temple   | Became a worshipper of Cheibriados the Contemplative
  3340 | Temple   | Reached * piety under Cheibriados
  3340 | Temple   | Reached ** piety under Cheibriados
  3546 | D:5      | Reached skill level 5 in Dodging
  3546 | D:5      | Reached XP level 7. HP: 20/66 MP: 6/6
  3985 | D:5      | Noticed a steam dragon
  3987 | D:5      | Noticed a steam dragon
  4003 | D:5      | Killed a steam dragon
  4003 | D:5      | Reached skill level 1 in Invocations
  4009 | D:5      | Killed a steam dragon
  4340 | D:5      | Reached XP level 8. HP: 74/74 MP: 8/8
  4365 | D:5      | Reached skill level 7 in Unarmed Combat
  4439 | D:6      | Noticed Blork the orc
  4668 | D:6      | Reached *** piety under Cheibriados
  4730 | D:6      | Found Tekit's Jewellery Shoppe.
  4756 | D:6      | Bought a +2 amulet of reflection for 82 gold pieces
  4769 | D:6      | Noticed Duvessa
  4770 | D:6      | Noticed Dowan
  4775 | D:6      | Killed Duvessa
  4783 | D:6      | Killed Dowan
  4783 | D:6      | Reached skill level 8 in Unarmed Combat
  4906 | D:6      | Killed Blork the orc
  4906 | D:6      | Reached XP level 9. HP: 66/80 MP: 11/11
  4990 | D:6      | Found a stormy altar of Qazlal.
  5031 | D:6      | Reached **** piety under Cheibriados
  5134 | D:6      | Reached skill level 5 in Invocations
  5368 | D:7      | Learned a level 3 spell: Stone Arrow
  5569 | D:7      | Reached skill level 9 in Unarmed Combat
  5762 | D:7      | Reached ***** piety under Cheibriados
  6363 | D:7      | Reached XP level 10. HP: 44/88 MP: 13/13
  6838 | D:8      | Noticed a two-headed ogre
  6846 | D:8      | Killed a two-headed ogre
  6846 | D:8      | Reached skill level 10 in Unarmed Combat
  6928 | D:8      | Found an iron altar of Okawaru.
  6952 | D:8      | Noticed Prince Ribbit
  6960 | D:8      | Killed Prince Ribbit
  6986 | D:8      | Reached skill level 5 in Stealth
  7194 | D:8      | Found Buprarph's Assorted Antiques.
  7202 | D:8      | Bought a scroll labeled APOSOM CAYTOWK for 29 gold pieces
  7671 | D:9      | Noticed a two-headed ogre
  7676 | D:9      | Killed a two-headed ogre
  7789 | D:9      | Reached skill level 1 in Evocations
  8048 | D:9      | Noticed a two-headed ogre
  8052 | D:9      | Killed a two-headed ogre
  8052 | D:9      | Reached XP level 11. HP: 85/94 MP: 14/16
  8095 | D:9      | Reached ****** piety under Cheibriados
  8176 | D:9      | Found a shimmering altar of Xom.
  8498 | D:9      | Reached skill level 11 in Unarmed Combat
  8528 | D:9      | Found a staircase to the Lair.
  8700 | D:9      | Reached skill level 1 in Armour
  8715 | D:9      | Found a glowing silver altar of Zin.
  8716 | D:9      | Found an ancient bone altar of Kikubaaqudgha.
  8716 | D:9      | Found a sparkling altar of Nemelex Xobeh.
  8717 | D:9      | Found a basalt altar of Yredelemnul.
  8961 | D:10     | Entered Level 10 of the Dungeon
 10258 | D:12     | Got a scintillating lapis lazuli ring
 10260 | D:12     | Identified the ring "Nausi" {AC+1 Int+4} (You found it on level 12 of the Dungeon)
 10539 | D:12     | Noticed a sun demon
 10763 | D:12     | Noticed a two-headed ogre
 10768 | D:12     | Killed a two-headed ogre
 10768 | D:12     | Reached skill level 12 in Unarmed Combat
 10879 | D:12     | Reached XP level 12. HP: 89/104 MP: 17/17
 10917 | D:12     | Reached skill level 5 in Evocations
 11219 | D:12     | Got a crude robe
 11242 | D:12     | Reached skill level 1 in Throwing
 11254 | D:12     | Identified the +2 robe of the Vestibule of Hell {Int+5} (You found it on level 12 of the Dungeon)
 11367 | D:12     | Noticed Shiggs's ghost (journeyman NaFi)
 11377 | D:12     | Killed Shiggs's ghost
 11377 | D:12     | Reached skill level 1 in Earth Magic
 11507 | D:12     | Slain by a very large slime creature

Vault maps used:
D:1:      nicolae_arrival_memento_mori, nemelex_diamond_rough_becter
D:2:      first_bread
D:3:      fedhas_altar_1, nemelex_lonely_heart_becter
D:4:      lemuel_crystal_altar
D:5:      kennysheep_steamy, temple_fountains
D:6:      serial_shops, shop, nicolae_qazlal_style_of_elements, uniq_duvessa,
          uniq_blork_the_orc
D:8:      serial_shops, shop, basic_altar, uniq_prince_ribbit1
D:9:      chequers_temple_overflow_statue_of_worship, lair_entry_dummy,
          basic_altar, david_nohive_1
D:12:     orc_0_dummy
Temple:   regret_index_temple_sphere_string

Skill      XL: |  1  2  3  4  5  6  7  8  9 10 11 12 |
---------------+-------------------------------------+-----
Dodging        | 3 4 5 |  5.1
Unarmed Combat | 4 5 6 8 9 10 12 | 12.0
Invocations    | 2 4 6 8 |  8.0
Stealth        | 2 3 4 5 |  5.3
Evocations     | 2 4 5 |  5.1
Armour         | 4 |  4.9
Throwing       | 2 |  2.5
Earth Magic    | 1 |  1.8
Fighting       | |  2.4

Action                   |  1- 3 |  4- 6 |  7- 9 | 10-12 || total
-------------------------+-------+-------+-------+-------++-------
Melee: Unarmed           |    85 |    99 |   279 |   424 ||   887
       Punch             |       |     4 |    12 |    34 ||    50
       War axe           |       |    65 |     7 |       ||    72
Throw: Large rock        |       |       |       |     6 ||     6
Evoke: Wand              |       |       |       |     3 ||     3
  Use: Scroll            |       |     3 |    15 |     5 ||    23
       Potion            |       |       |     1 |     6 ||     7
 Stab: Sleeping          |     1 |     2 |     7 |    16 ||    26
       Distracted        |       |       |       |     6 ||     6
  Eat: Chunk             |    12 |    22 |    29 |    33 ||    96
       Meat ration       |       |       |       |     1 ||     1
       Royal jelly       |       |       |       |     1 ||     1
Armor: Robe              |    32 |    65 |    84 |    98 ||   279
       Skin              |       |       |       |    16 ||    16
Dodge: Dodged            |    49 |   109 |   188 |   423 ||   769
Block: Other             |       |       |    11 |    40 ||    51
       Reflection        |       |       |       |     1 ||     1

Table legend:
 A = Spawn XP
 B = Non-spawn XP
 C = Spawn XP percentage of total XP
 D = Spawn monster count
 E = Non-spawn monster count
 F = Spawn count percentage of total count
 G = Total turns spent on level
                    A         B        C        D         E        F      G
               +---------+---------+-------+---------+---------+-------+---------
         Total |    4717 |   20574 |  18.7 |      76 |     308 |  19.8 | 11507
               +---------+---------+-------+---------+---------+-------+---------
           D:1 |       6 |      24 |  20.0 |       3 |      14 |  17.6 |   811
           D:2 |      12 |     111 |   9.8 |       5 |      26 |  16.1 |   807
           D:3 |      48 |      81 |  37.2 |       4 |      18 |  18.2 |   727
           D:4 |       0 |     364 |   0.0 |       0 |      20 |   0.0 |   669
           D:5 |     138 |    1065 |  11.5 |       6 |      22 |  21.4 |  1438
           D:6 |      86 |    1606 |   5.1 |       2 |      39 |   4.9 |   660
           D:7 |     621 |    1453 |  29.9 |      13 |      28 |  31.7 |  1197
           D:8 |     348 |    2436 |  12.5 |       8 |      33 |  19.5 |  1199
           D:9 |     523 |    3886 |  11.9 |      16 |      35 |  31.4 |  1290
          D:10 |     213 |    1512 |  12.3 |       1 |      19 |   5.0 |   401
          D:11 |    1540 |    1509 |  50.5 |      11 |      14 |  44.0 |   840
          D:12 |    1182 |    6527 |  15.3 |       7 |      40 |  14.9 |  1305
               +---------+---------+-------+---------+---------+-------+---------
